AoeStats
← Molgrimmarr

Nomad

505140577Analyzed
3v3 RM · 25d ago on Sep 8, 2026· 46m 56s· 6 players
Game mode
Random Map
Map size
210×210
Population
200
Speed
Normal
Resources
Standard
Victory
Conquest
Starting age
Dark Age
Ending age
Imperial Age
RankedLock teamsTeams togetherTeam positionsShared explorationLock speedFull tech treeHidden civsTurbo modeCheats
Victory
Defeat
🇲🇽 Italians · Mexico
1091
+11
🇲🇽 Japanese · Mexico
1015
+14
🇲🇽 Vikings · Mexico
823
+23
🇨🇦 Spanish · Canada
1053
-19
🇨🇦 Vietnamese · Canada
1018
-18
🇨🇦 Cumans · Canada
862
-11
Kiko10200
3:57 Loom
15:11 Feudal Age
15:45 Double-Bit Axe
15:43 Fishing Lines
16:38 Gold Mining
19:19 Castle Age
17:16 Fletching
17:27 Padded Archer Armor
17:43 Stone Mining
20:42 Bow Saw
21:43 Gillnets
26:09 Wheelbarrow
25:20 Town Watch
27:15 Ballistics
26:55 Bodkin Arrow
28:07 Hand Cart
31:00 Leather Archer Armor
34:11 Imperial Age
32:03 Thumb Ring
34:13 Medium Warships
36:02 Chemistry
35:14 Masonry
35:43 Bracer
36:14 Ring Archer Armor
36:36 Heavy Warships
36:37 Town Patrol
37:20 Clinker Construction
38:52 Elite Genoese Crossbowman
Faruk4999
3:40 Loom
17:35 Feudal Age
17:39 Man-at-Arms
18:08 Arson
19:26 Double-Bit Axe
22:35 Castle Age
20:20 Fishing Lines
22:31 Stone Mining
22:35 Gold Mining
22:52 Scale Mail Armor
23:02 Forging
23:05 Long Swordsman
23:31 Gambesons
24:26 Town Watch
25:39 Chain Mail Armor
27:21 Elite Skirmisher
29:58 Iron Casting
34:56 Gillnets
38:40 Imperial Age
39:11 Town Patrol
39:46 Wheelbarrow
40:54 Conscription
40:48 Pikeman
45:11 Kataparuto
arKaon 595
8:46 Loom
20:12 Feudal Age
23:10 Double-Bit Axe
24:50 Fishing Lines
24:49 Man-at-Arms
25:14 Arson
28:47 Castle Age
26:45 Gold Mining
27:43 Horse Collar
28:50 Forging
28:41 Scale Mail Armor
30:11 Iron Casting
30:27 Long Swordsman
33:42 Gambesons
33:58 Squires
35:43 Elite Skirmisher
39:49 Gold Shaft Mining
40:14 Masonry
40:00 Murder Holes
40:33 Pikeman
44:03 Ballistics
alex.feldblioum
5:32 Loom
15:22 Feudal Age
25:58 Horse Collar
29:30 Castle Age
Molgrimmarr
6:01 Loom
14:08 Feudal Age
15:38 Double-Bit Axe
21:10 Castle Age
21:01 Horse Collar
22:25 Heavy Plow
22:36 Bow Saw
22:28 Pikeman
22:40 Crossbowman
27:21 Forging
27:02 Fletching
27:16 Arson
27:38 Scale Mail Armor
27:38 Padded Archer Armor
27:46 Gold Mining
27:49 Stone Mining
29:32 Scale Mail Armor
29:33 Padded Archer Armor
32:02 Bodkin Arrow
34:20 Ballistics
36:53 Imperial Age
35:16 Scale Barding Armor
35:51 Bloodlines
36:40 Iron Casting
36:08 Husbandry
36:56 Chatras
39:53 Bracer
40:36 Chain Barding Armor
42:34 Arbalester
45:35 Plate Barding Armor
45:18 Leather Archer Armor
45:13 Elite Battle Elephant
Target Fixed
5:38 Loom
14:18 Feudal Age
20:16 Castle Age
22:30 Double-Bit Axe
22:41 Horse Collar
24:22 Loom
26:38 Padded Archer Armor
28:12 Bloodlines
28:02 Husbandry
28:20 Leather Archer Armor
29:08 Bow Saw
34:00 Gold Mining
34:01 Stone Mining
36:56 Imperial Age
34:32 Fletching
36:21 Stone Shaft Mining
37:08 Wheelbarrow
38:15 Conscription
38:21 Elite Skirmisher
39:02 Bodkin Arrow
40:24 Bracer
43:28 Two-Man Saw
42:53 Thumb Ring
42:54 Imperial Skirmisher
44:05 Heavy Plow
46:50 Ballistics
Connection lost

Rejoining the realm…

Still unreachable

The connection could not be restored.

Session expired

The server has moved on; the page needs a fresh start.